 Dungeon Crawl Stone Soup version 0.29.0-3-gbb0933ed62 (webtiles) character file.

Game seed: 552871253784333741

20428 sanboga the Severer (level 12, -4/110 HPs)
             Began as a Minotaur Berserker on Aug 26, 2022.
             Was a High Priest of Trog.
             Slain by an azure jelly (13 damage)
             ... in an ice cave.
             The game lasted 00:14:59 (12362 turns).

sanboga the Severer (Minotaur Berserker)           Turns: 12362, Time: 00:15:00

Health: -4/110     AC: 23    Str: 28    XL:     12   Next: 45%
Magic:  0/11       EV:  8    Int:  7    God:    Trog [*****.]
Gold:   694        SH:  0    Dex:  9    Spells: 11/11 levels left

rFire   . . .      SeeInvis .   a - +3 executioner's axe
rCold   + . .      Faith    .   (shield currently unavailable)
rNeg    . . .      Spirit   +   C - +0 plate armour
rPois   .          Reflect  .   A - +2 hat {Int+3}
rElec   .          Harm     .   i - +1 cloak
rCorr   .          Rampage  .   (no gloves)
Will    .....                   (no boots)
Stlth   ..........              B - amulet of guardian spirit
HPRegen 0.28/turn               E - ring of protection from cold
MPRegen 0.12/turn               w - +4 ring of protection

@: on berserk cooldown, slowed, studying Unarmed Combat, invisible, very slow
A: horns 2, retaliatory headbutt
a: Renounce Religion, Berserk, Trog's Hand, Brothers in Arms


You were in an ice cave.
You worshipped Trog.
Trog was extremely pleased with you.
You visited 1 branch of the dungeon, and saw 11 of its levels.
You also visited: Ossuary, Bailey and Ice Cave.

You collected 694 gold pieces.

Inventory:

Hand Weapons
 a - a +3 executioner's axe (weapon)
Armour
 i - a +1 cloak (worn)
 A - a +2 hat of intelligence (worn)
 C - a +0 plate armour (worn)
Jewellery
 w - a +4 ring of protection (right hand)
 B - an amulet of guardian spirit (around neck)
 E - a ring of protection from cold (left hand)
Wands
 b - a wand of polymorph (7)
 f - a wand of mindburst (9)
 l - a wand of flame (40)
 x - a wand of light (16)
 G - a wand of charming (6)
 H - a wand of roots (6)
Scrolls
 c - a scroll of enchant armour
 g - 2 scrolls of teleportation
 h - 4 scrolls of fog
 m - 4 scrolls of blinking
 p - a scroll of fear
 r - 3 scrolls of summoning
 v - a scroll of enchant weapon
Potions
 d - 7 potions of curing
 e - 5 potions of invisibility
 j - 4 potions of flight
 k - a potion of heal wounds
 n - a potion of cancellation
 o - 2 potions of berserk rage {unknown}
 q - a potion of mutation
 s - a potion of resistance
 u - 2 potions of haste
 D - a potion of might


   Skills:
 + Level 11.4 Fighting
 * Level 20.3 Axes
 + Level 11.1 Armour
 - Level 2.1 Dodging


You had 11 spell levels left.
You didn't know any spells.
Your spell library was empty.

Dungeon Overview and Level Annotations

Branches:
Dungeon (11/15)            Temple (0/1) D:4            Lair (0/5) D:10
Ossuary (visited)          Bailey (visited)           IceCv (1/1)
    Orc: D:9-12

Altars:
Ashenzari
Elyvilon
Gozag
Kikubaaqudgha
The Shining One

Shops:
D:10 (


Innate Abilities, Weirdness & Mutations

You have a pair of horns on your head.
You reflexively headbutt those who attack you in melee.


Message History

You headbutt the very large slime creature!
The very large slime creature is severely wounded.
You barely miss the azure jelly.
You chop the very large slime creature into pieces!!!
The very large slime creature is almost dead.
You barely miss the azure jelly.
The azure jelly hits you but does no damage. x4
You cut the very large slime creature into ribbons!!!
You kill the very large slime creature!
Trog accepts your kill.
You slice the azure jelly!!
You are no longer berserk.
You are exhausted.
You feel yourself slow down. The azure jelly hits you.
The azure jelly freezes you!! You resist.
The azure jelly hits you but does no damage. x2
The azure jelly barely misses you.
You are too injured to fight recklessly!
You are too injured to fight recklessly!
You feel much better.
The azure jelly hits you but does no damage.
The azure jelly barely misses you. x2; The azure jelly closely misses you.
The azure jelly hits you but does no damage.
The azure jelly hits you. The azure jelly freezes you! You resist.
The azure jelly hits you! The azure jelly barely misses you.
You fade into invisibility!
The azure jelly hits you but does no damage. x4
You slash the azure jelly!
The azure jelly is heavily wounded.
You slice the slime creature!! The azure jelly hits you.
The azure jelly freezes you!! You resist.
* * * LOW HITPOINT WARNING * * *
The azure jelly closely misses you.
The azure jelly hits you but does no damage.
The azure jelly barely misses you. The slime creature hits you!
* * * LOW HITPOINT WARNING * * *
The azure jelly hits you.
* * * LOW HITPOINT WARNING * * *
The azure jelly freezes you! You resist.
You die...

#..##.##..##....####..#
..##.[##..##...##.##..#
..#.[.#...##...#...#..#
.##..##...##..##......#
.##..#....##..##......#
.#..##..####..##......#
##..#...# #..##......#
#..##..## #..##.##..##
#..##..# ##..##@.##.#
#...#..## #..###JJ####
##..##..###..# #...#
.#..##..##...# ....#
.##.##...#...# .....
..#..##......#.......
..#...##....##.......#
..##...#....#...#.#...
#..#...##..##


You could see an azure jelly and a slime creature (unable to see you).

Vanquished Creatures
  Gastronok (D:10)
  Snorg (D:10)
  5 two-headed ogres
  Lodul (D:10)
  An ice statue (IceCv)
  A gargoyle (D:10)
  A troll (D:10)
  Prince Ribbit (D:5)
  19 slime creatures (IceCv)
  Grinder (D:5)
  3 shadows
  3 spriggans (Bailey)
  A wyvern (D:8)
  2 steam dragons
  2 water moccasins
  2 ice beasts
  11 ogres
  2 black bears
  6 orc warriors
  4 great orb of eyes simulacra (IceCv)
  2 centaurs
  4 slime creature simulacra (IceCv)
  4 necrophages
  3 phantoms (D:5)
  2 scorpions
  5 bullfrogs
  2 glowing shapeshifter simulacra (IceCv)
  A gnoll sergeant (D:8)
  6 water moccasin zombies (Ossuary)
  17 wights
  6 killer bees (D:9)
  A howler monkey (D:10)
  A jelly (D:5)
  Crazy Yiuf (D:2)
  8 orc priests
  4 hounds
  Natasha (thrice) (D:2)
  Terence (D:3)
  2 iguanas
  7 orc wizards
  A shapeshifter simulacrum (IceCv)
  2 mummies (Ossuary)
  Robin (D:3)
  4 gnolls (D:8)
  7 adders
  A white imp (D:5)
  An ufetubus (D:7)
  4 adder zombies (Ossuary)
  3 worms
  2 dart slugs
  36 orcs
  13 ball pythons
  2 endoplasms (D:2)
  A giant cockroach (D:1)
  2 gnoll zombies (Ossuary)
  11 hobgoblins
  7 jackals
  3 quokkas
  15 bats
  A frilled lizard (D:2)
  22 goblins
  5 hobgoblin zombies (Ossuary)
  6 kobolds
  6 kobold zombies (Ossuary)
  2 orc zombies (Ossuary)
  6 rats
312 creatures vanquished.

Vanquished Creatures (others)
  A quicksilver ooze (IceCv)
  A fungus (D:10)
  A plant (D:10)
3 creatures vanquished.

Grand Total: 315 creatures vanquished

Notes
Turn   | Place    | Note
-------+----------+-------------------------------------------
     0 | D:1      | sanboga the Minotaur Berserker began the quest for the Orb.
     0 | D:1      | Reached XP level 1. HP: 19/19 MP: 0/0
   178 | D:1      | Reached skill level 4 in Axes
   257 | D:1      | Reached XP level 2. HP: 27/27 MP: 1/1
   899 | D:1      | Found a faded altar of an unknown god.
  1019 | D:2      | Found a runed translucent door.
  1020 | D:2      | Noticed Crazy Yiuf
  1066 | D:2      | Killed Crazy Yiuf
  1067 | D:2      | Reached XP level 3. HP: 33/33 MP: 2/2
  1343 | D:2      | Identified the +8 mace of Vamiry {spect, Int+6 Dex+6
                  | Stlth+}
  1389 | D:2      | Reached ** piety under Trog
  1471 | D:2      | Reached XP level 4. HP: 32/41 MP: 3/3
  1605 | D:2      | Reached skill level 5 in Axes
  1965 | D:2      | Noticed Natasha
  1973 | D:2      | Killed Natasha
  2158 | D:2      | Noticed Natasha
  2168 | D:2      | Killed Natasha
  2169 | D:2      | Reached XP level 5. HP: 29/47 MP: 4/4
  2471 | D:2      | Noticed Natasha
  2482 | D:2      | Killed Natasha
  2620 | D:3      | Reached skill level 6 in Axes
  2621 | D:3      | Reached skill level 5 in Fighting
  2636 | D:3      | Reached *** piety under Trog
  2637 | D:3      | Reached XP level 6. HP: 25/56 MP: 5/5
  2797 | D:3      | Found a glowing golden altar of the Shining One.
  2824 | D:3      | Noticed Robin
  2834 | D:3      | Killed Robin
  2992 | D:3      | Noticed Terence
  3002 | D:3      | Killed Terence
  3582 | D:4      | Found an opulent altar of Gozag.
  3665 | D:4      | Reached skill level 7 in Axes
  3717 | D:4      | Reached **** piety under Trog
  3758 | D:4      | Found a sand-covered staircase.
  3769 | Ossuary  | Entered an ossuary
  3814 | Ossuary  | Reached skill level 5 in Armour
  3814 | Ossuary  | Reached XP level 7. HP: 61/62 MP: 6/6
  3990 | Ossuary  | Reached skill level 8 in Axes
  4165 | D:4      | Reached skill level 16 in Axes
  4165 | D:4      | Reached XP level 8. HP: 71/71 MP: 7/7
  4370 | D:4      | Found a broken altar of Ashenzari.
  4373 | D:4      | Found an ancient bone altar of Kikubaaqudgha.
  4609 | D:4      | Found a staircase to the Ecumenical Temple.
  4736 | D:5      | Entered Level 5 of the Dungeon
  4867 | D:5      | Noticed Grinder
  4881 | D:5      | Killed Grinder
  4882 | D:5      | Reached XP level 9. HP: 47/78 MP: 8/8
  5238 | D:5      | Noticed Prince Ribbit
  5243 | D:5      | Killed Prince Ribbit
  6766 | D:6      | Reached ***** piety under Trog
  7019 | D:7      | Found a flagged portal.
  7031 | Bailey   | Entered a bailey
  7147 | Bailey   | Reached skill level 17 in Axes
  7158 | Bailey   | Reached XP level 10. HP: 52/88 MP: 6/9
  7343 | Bailey   | Noticed a two-headed ogre
  7349 | Bailey   | Killed a two-headed ogre
  7429 | Bailey   | Identified the +0 short sword "Huomus" {elec, *Rage rElec
                  | rF+ Str+2}
  8085 | D:7      | Identified the +1 ring mail of the Trombone {rElec Int+3}
  8690 | D:8      | Received a gift from Trog
  8702 | D:8      | Identified a scroll of acquirement
  8702 | D:8      | Acquired a manual of Unarmed Combat
  9256 | D:9      | Noticed a two-headed ogre
  9261 | D:9      | Killed a two-headed ogre
  9366 | D:9      | Noticed a two-headed ogre
  9373 | D:9      | Killed a two-headed ogre
  9374 | D:9      | Reached skill level 18 in Axes
  9374 | D:9      | Reached XP level 11. HP: 95/97 MP: 10/10
 10033 | D:10     | Entered Level 10 of the Dungeon
 10041 | D:10     | Found Beidomiw's Antique Weapon Shoppe.
 10076 | D:10     | Found a staircase to the Lair.
 10131 | D:10     | Found a white marble altar of Elyvilon.
 10199 | D:10     | Noticed Gastronok
 10215 | D:10     | Killed Gastronok
 10485 | D:10     | Noticed Lodul
 10494 | D:10     | Killed Lodul
 10677 | D:10     | Noticed Snorg
 10684 | D:10     | Killed Snorg
 10685 | D:10     | Reached skill level 10 in Fighting
 10685 | D:10     | Reached skill level 19 in Axes
 10870 | D:10     | Noticed a two-headed ogre
 10875 | D:10     | Killed a two-headed ogre
 10960 | D:10     | Noticed a two-headed ogre
 10967 | D:10     | Killed a two-headed ogre
 11093 | D:10     | Reached skill level 10 in Armour
 11386 | D:11     | Found a frozen archway.
 11397 | IceCv    | Entered an ice cave
 11411 | IceCv    | Noticed a quicksilver ooze
 11415 | IceCv    | Killed a quicksilver ooze
 11714 | IceCv    | Reached XP level 12. HP: 31/108 MP: 1/11
 12327 | IceCv    | Reached skill level 20 in Axes
 12344 | IceCv    | Noticed an azure jelly
 12362 | IceCv    | Slain by an azure jelly

Illustrated notes

Levels and vault maps discovered:
D:1:      shiori_shiawase, layout_basic, shapermc_ecumenical_altar_mp_highgroup,
          minmay_vboxes
D:2:      layout_rooms, st_stairs_5, kennysheep_generic_room_6, uniq_natasha,
          uniq_crazy_yiuf_cottage
D:3:      layout_basic, tso_altar, chequers_serial_rivers_micro_c, uniq_robin,
          uniq_terence
D:4:      layout_loops_ring, grunt_gozag_statues,
          nicolae_overflow_hidden_temple, temple_doors_e,
          nicolae_ossuary_entry_monument, minmay_door_square, minivault_4,
          kennysheep_generic_room_12
D:5:      layout_basic, uniq_prince_ribbit1, uniq_grinder
D:6:      layout_basic, grunt_ministairs_6
D:7:      layout_loops_cross, enter_bailey_3
D:8:      layout_basic
D:9:      layout_loops_cross
D:10:     layout_grid_maze, elyvilon_altar_5, grunt_lair_entry_orc_guard_hut,
          serial_shops, nicolae_shop_crystal, uniq_lodul, uniq_gastronok,
          uniq_snorg
D:11:     layout_roguey, portal_ice_cave_entry_pillars_2, uniq_sonja
IceCv:    ice_cave_hellmonk_azure_passage

Skill      XL: |  1  2  3  4  5  6  7  8  9 10 11 12 |
---------------+-------------------------------------+-----
Axes           | 4 5 6 7 16 17 18 19 20 | 20.3
Fighting       | 4 5 6 7 9 10 11 | 11.4
Armour         | 3 4 5 7 8 10 11 | 11.1
Dodging        | |  2.1

Action                   |  1- 3 |  4- 6 |  7- 9 | 10-12 || total
-------------------------+-------+-------+-------+-------++-------
Melee: Hand axe          |    22 |       |       |       ||    22
       Headbutt          |     3 |    21 |    23 |    60 ||   107
       War axe           |    24 |   161 |   170 |    78 ||   433
       Punch             |       |       |     1 |       ||     1
       Executioner's axe |       |       |       |   191 ||   191
       Battleaxe         |       |       |       |     4 ||     4
Invok: Berserk           |     1 |     2 |       |     9 ||    12
  Use: Scroll            |       |     4 |    12 |    12 ||    28
       Potion            |       |       |     1 |     3 ||     4
 Stab: Sleeping          |     1 |       |       |       ||     1
Armor: Animal skin       |     9 |    25 |       |       ||    34
       Chain mail        |       |    47 |    60 |       ||   107
       Plate armour      |       |       |    31 |   144 ||   175
Dodge: Dodged            |    42 |   112 |    70 |   107 ||   331
